 Dungeon Crawl Stone Soup version 0.30.1-3-gfc49f6343a (webtiles) character file.

Game seed: 8728211439208901996

1980 Cheops the Grappler (level 9, -10/85 HPs)
             Began as a Troll Fighter on July 25, 2023.
             Was a Follower of Wu Jian.
             Mangled by a hornet (14 damage)
             ... while paralysed by a hornet
             ... on level 7 of the Dungeon.
             The game lasted 00:18:34 (5118 turns).

Cheops the Grappler (Troll Fighter)                 Turns: 5118, Time: 00:18:34

Health: -10/85     AC:  8    Str: 26    XL:     9   Next: 1%
Magic:  8/8        EV:  1    Int:  8    God:    Wu Jian [*.....]
Gold:   220        SH:  0    Dex:  9    Spells: 8/8 levels left

rFire   . .          .
                       - Unarmed
rCold   . . .        b - +0 kite shield
rNeg    . . .        a - +0 robe
rPois   .            (helmet restricted)
rElec   .            (no cloak)
rCorr   .            (gloves unavailable)
SInv    .            (boots unavailable)
Will    .....        (no amulet)
Stlth   +            d - +5 ring of evasion
HPRegen 1.14/turn    k - +4 ring of protection
MPRegen 0.11/turn

%: no passive effects
@: paralysed, mighty, lethally poisoned (-10 -> -12), slowed, invisible
A: large, unfitting armour, claws 3, regeneration 1, shaggy fur 1, tough skin 1
a: Renounce Religion


You were on level 7 of the Dungeon.
You worshipped Wu Jian.
Wu Jian was aware of your devotion.
You visited 2 branches of the dungeon, and saw 8 of its levels.
You also visited: Ossuary.

You collected 220 gold pieces.

Inventory:

Missiles
 s - a throwing net (quivered)
Armour
 a - a +0 robe (worn)
 b - a +0 kite shield (worn)
Jewellery
 d - a +5 ring of evasion (left claw)
 i - a ring of protection from fire
 k - a +4 ring of protection (right claw)
Wands
 y - a wand of polymorph (17)
Scrolls
 j - 2 scrolls of amnesia
 l - 5 scrolls of teleportation
 m - 2 scrolls of vulnerability
 r - 2 scrolls of brand weapon
 u - a scroll of immolation
 w - 2 scrolls of enchant weapon
Potions
 c - 2 potions of might
 e - 3 potions of attraction {unknown}
 f - a potion of mutation {unknown}
 g - 3 potions of heal wounds {unknown}
 h - 5 potions of brilliance {unknown}
 n - a potion of haste
 p - 2 potions of magic {unknown}
 q - a potion of resistance
 v - a potion of flight
 B - a potion of degeneration {unknown}


   Skills:
 + Level 4.4 Fighting
 - Level 2.4 Dodging
 + Level 4.8 Shields
 * Level 10.1 Unarmed Combat


You had 8 spell levels left.
You didn't know any spells.
Your spell library contained the following spells:

 Spells                   Type           Power      Damage    Failure   Level
 Freeze                   Ice            0%         1d3       65%         1
 Poisonous Vapours        Pois/Air       0%         N/A       78%         2
 Frozen Ramparts          Ice            0%         1d1       95%         3
 Hailstorm                Conj/Ice       0%         3d3       95%         3
 Mephitic Cloud           Conj/Pois/Air  0%         N/A       95%         3
 Animate Dead             Necr           0%         N/A       100%        4
 Freezing Cloud           Conj/Ice/Air   0%         6-21      100%        5
 Haunt                    Necr/Summ      0%         N/A       100%        7
 Infestation              Necr           0%         N/A       100%        8


Dungeon Overview and Level Annotations

Branches:
Dungeon (7/15)             Temple (1/1) D:4         Ossuary (visited)

Altars:
Cheibriados
Dithmenos
Elyvilon
Fedhas
Gozag
Hepliaklqana
Kikubaaqudgha
Okawaru
Qazlal
Sif Muna
Trog
Uskayaw
Vehumet
Wu Jian
Xom
Yredelemnul
Zin
The Shining One

Shops:
D:3 (   D:5 =   D:6 [


Innate Abilities, Weirdness & Mutations

You are too large for most types of armour.
You have claws for hands.
Your natural rate of healing is unusually fast.
You are covered in fur. (AC +1)
You have tough skin. (AC +1)


Message History

The hornet barely misses you. The hornet misses you.
You claw the hornet!
The hornet is heavily wounded.
The hornet stings you!
* * * LOW HITPOINT WARNING * * *
You feel as though you will be slow longer.
The hornet stings you!
* * * LOW HITPOINT WARNING * * *
You are poisoned.
You feel as though you will be slow longer.
You feel better.
The hornet stings you but does no damage.
The hornet stings you!
* * * LOW HITPOINT WARNING * * *
You suddenly lose the ability to move!
You can move again.
Okay, then.
You feel very mighty all of a sudden. The hornet barely misses you.
You block the hornet's attack. The hornet closely misses you.
You scratch the hornet.
The hornet is heavily wounded.
The hornet stings you!
* * * LOW HITPOINT WARNING * * *
You are lethally poisoned!
You feel as though you will be slow longer.
The hornet closely misses you.
You barely miss the hornet.
The hornet is heavily wounded.
* * * LOW HITPOINT WARNING * * *
You feel very sick. The hornet closely misses you. The hornet misses you.
You feel better. The hornet closely misses you. The hornet stings you.
* * * LOW HITPOINT WARNING * * *
You are poisoned.
You suddenly lose the ability to move!
* * * LOW HITPOINT WARNING * * *
You feel very sick. The hornet stings you!
You die...

......... #........
### ####......# ..
#......... ..
.......# #. #.....#
#(# ##.....#
#.y###......## ##..
#..@...####..##.....
#.#....# ##........
.. ##....#
#<.##....# ...
##....##..# .... .##
##.......# #..
##......# .....<.
.......# .....#..#


You could see a hornet (unable to see you).

Vanquished Creatures
  Grinder (D:5)
  2 water moccasins (D:6)
  2 black bears
  A sky beast (D:6)
  2 phantoms
  2 gnoll sergeants
  2 water moccasin zombies (Ossuary)
  4 scorpions
  A gnoll bouda (D:4)
  3 hounds (D:6)
  2 jellies
  2 iguanas
  An orc wizard (D:6)
  A sleepcap (D:4)
  2 mummies (Ossuary)
  11 gnolls
  8 adders
  2 white imps (D:5)
  2 ufetubi
  5 adder zombies (Ossuary)
  7 dart slugs
  15 orcs
  7 ball pythons
  6 endoplasms
  4 giant cockroaches
  5 gnoll zombies (Ossuary)
  6 hobgoblins
  5 jackals
  8 kobolds
  2 quokkas
  7 bats
  A frilled lizard (D:3)
  10 goblins
  9 hobgoblin zombies (Ossuary)
  3 kobold zombies (Ossuary)
  5 orc zombies (Ossuary)
  8 rats
164 creatures vanquished.

Notes
Turn   | Place    | Note
-------+----------+-------------------------------------------
     0 | D:1      | Cheops the Troll Fighter began the quest for the Orb.
     0 | D:1      | Reached XP level 1. HP: 22/22 MP: 0/0
   188 | D:1      | Reached XP level 2. HP: 24/27 MP: 1/1
   429 | D:1      | Reached skill level 3 in Unarmed Combat
   827 | D:2      | Reached XP level 3. HP: 35/35 MP: 2/2
  1015 | D:2      | Found a faded altar of an unknown god.
  1145 | D:2      | Found a shimmering altar of Xom.
  1239 | D:2      | Reached skill level 4 in Unarmed Combat
  1509 | D:3      | Reached XP level 4. HP: 44/44 MP: 3/3
  1810 | D:3      | Found Tusugi's Antique Weapon Shoppe.
  2177 | D:4      | Noticed a phantom
  2179 | D:4      | Noticed a scorpion
  2182 | D:4      | Reached skill level 5 in Unarmed Combat
  2192 | D:4      | Killed a phantom
  2193 | D:4      | Reached XP level 5. HP: 48/50 MP: 4/4
  2196 | D:4      | Reached skill level 6 in Unarmed Combat
  2209 | D:4      | Found a sand-covered staircase.
  2249 | D:4      | Reached XP level 6. HP: 59/59 MP: 5/5
  2275 | Ossuary  | Entered an ossuary
  2396 | Ossuary  | Reached skill level 7 in Unarmed Combat
  2612 | D:4      | Reached XP level 7. HP: 57/66 MP: 6/6
  2669 | D:4      | Found an ornate altar of the Wu Jian Council.
  2735 | D:4      | Reached skill level 8 in Unarmed Combat
  2973 | D:4      | Found a staircase to the Ecumenical Temple.
  3014 | Temple   | Entered the Ecumenical Temple
  3172 | D:4      | Became a worshipper of the Wu Jian Council
  3213 | D:5      | Entered Level 5 of the Dungeon
  3458 | D:5      | Noticed Grinder
  3472 | D:5      | Killed Grinder
  3509 | D:5      | Found a bloodstained altar of Trog.
  3514 | D:5      | Reached XP level 8. HP: 69/75 MP: 7/7
  3531 | D:5      | Reached skill level 9 in Unarmed Combat
  3580 | D:5      | Found Tyheewu's Jewellery Emporium.
  4604 | D:6      | Found a radiant altar of Vehumet.
  4628 | D:6      | Reached * piety under Wu Jian
  4732 | D:6      | Reached skill level 10 in Unarmed Combat
  4928 | D:6      | Found Naoveiv's Armour Shoppe.
  5067 | D:6      | Reached XP level 9. HP: 85/85 MP: 8/8
  5113 | D:7      | Paralysed by a hornet for 1 turns
  5115 | D:7      | HP: 4/85 [hornet (12)]
  5117 | D:7      | Paralysed by a hornet for 2 turns
  5118 | D:7      | Mangled by a hornet

Illustrated notes

Levels and vault maps discovered:
D:1:      dpeg_arrival_stone_temple_mockup, layout_basic,
          minmay_indecisive_spiral
D:2:      layout_loops_ring, shapermc_ecumenical_altar_mp_ritualfount,
          basic_altar
D:3:      layout_basic, serial_shops, nicolae_shop_trees
D:4:      layout_basic, mainiacjoe_overflow_catwalk,
          minmay_temple_entry_stoned_glass,
          nicolae_ossuary_entry_false_entrances
D:5:      nicolae_BIG_FREAKIN_CUBE, layout_basic, serial_shops, shop,
          minmay_ruined_shrine, uniq_grinder
D:6:      layout_rooms, vehumet_crystals, serial_shops, shop,
          chequers_serial_rivers_micro_c
D:7:      layout_layer_cave, overflow_temple_1_default,
          makhleb_altar_promises_db, enter_bailey_4
Temple:   nicolae_temple_superstar

Skill      XL: |  1  2  3  4  5  6  7  8 |
---------------+-------------------------+-----
Unarmed Combat | 3 4 5 6 7 8 10 | 10.1
Shields        | 3 4 |  4.8
Fighting       | 3 4 |  4.4
Dodging        | |  2.4

Action                     |  1- 3 |  4- 6 |  7- 9 || total
---------------------------+-------+-------+-------++-------
  Melee: Unarmed           |   101 |   188 |   129 ||   418
  Throw: Throwing net      |       |       |     2 ||     2
Ability: Lunge             |       |       |     8 ||     8
    Use: Scroll            |     4 |     7 |     4 ||    15
         Potion            |       |       |     6 ||     6
 Armour: Robe              |    28 |    69 |    22 ||   119
  Dodge: Dodged            |    30 |    59 |    61 ||   150
  Block: Kite shield       |    32 |    59 |    35 ||   126
